 Dungeon Crawl Stone Soup version 0.30-a0-879-ga8ba668304 (webtiles) character file.

Game seed: 10419784894337527347

952 Pooter the Trooper (level 7, -1/67 HPs)
             Began as a Minotaur Monk on Mar 13, 2023.
             Was a Priest of Makhleb.
             Slain by Ijyb
             ... wielding a +3 vampiric dagger
              (3 damage)
             ... on level 5 of the Dungeon.
             The game lasted 00:32:42 (4222 turns).

Pooter the Trooper (Minotaur Monk)                  Turns: 4222, Time: 00:32:43

Health: -1/67      AC: 12    Str: 18    XL:     7   Next: 90%
Magic:  9/9        EV: 11    Int:  7    God:    Makhleb [***...]
Gold:   123        SH:  0    Dex: 12    Spells: 6/6 levels left

rFire   . . .      SeeInvis +    a - +0 bardiche
rCold   . . .      Faith    .    (shield currently unavailable)
rNeg    . . .      Spirit   .    q - +3 ring mail
rPois   .          Reflect  .    (helmet restricted)
rElec   .          Rampage  .    e - +0 cloak
rCorr   .                        u - +2 pair of gloves
Will    .....                    (no boots)
Stlth   +                        (no amulet)
HPRegen 0.31/turn                p - ring of flight
MPRegen 0.11/turn                S - ring of see invisible

@: flying
A: horns 2, retaliatory headbutt
a: Renounce Religion, Minor Destruction, Lesser Servant of Makhleb


You were on level 5 of the Dungeon.
You worshipped Makhleb.
Makhleb was most pleased with you.
You visited 1 branch of the dungeon, and saw 5 of its levels.

You collected 211 gold pieces.
You spent 88 gold pieces at shops.

Inventory:

Hand Weapons
 a - a +0 bardiche (weapon)
   (You found it on level 3 of the Dungeon)
 m - a +0 hand axe
 t - a +1 whip of electrocution
   (You took it off a kobold on level 2 of the Dungeon)
 z - a +0 trident
   (You took it off an orc on level 4 of the Dungeon)
Missiles
 i - 3 boomerangs
 o - 2 poisoned darts
 y - 2 throwing nets {!f}
 Q - 27 stones (quivered)
Armour
 e - a +0 cloak (worn)
   (You found it on level 1 of the Dungeon)
 n - a +0 robe of fire resistance
   (You bought it in a shop on level 2 of the Dungeon)
 q - a +3 ring mail (worn)
   (You found it on level 3 of the Dungeon)
 u - a +2 pair of gloves (worn)
   (You found it on level 3 of the Dungeon)
Jewellery
 p - a ring of flight (left hand)
   (You found it on level 3 of the Dungeon)
 v - a ring of fire
   (You found it on level 3 of the Dungeon)
 S - a ring of see invisible (right hand)
   (You found it on level 4 of the Dungeon)
Wands
 f - a wand of flame (29)
   (You took it off Duvessa on level 5 of the Dungeon)
 G - a wand of quicksilver (6)
   (You found it on level 5 of the Dungeon)
Scrolls
 d - a scroll of fear
 g - 2 scrolls of blinking
 l - a scroll of noise {!r}
 r - a scroll of torment {unknown}
 s - a scroll of enchant armour {unknown}
 A - a scroll of brand weapon {unknown}
 C - a scroll of poison {unknown}
 D - a scroll of teleportation {unknown}
Potions
 b - a potion of flight {unknown}
 c - a potion of ambrosia
 h - a potion of berserk rage {unknown}
 j - 2 potions of degeneration {unknown}
 k - a potion of haste {unknown}
 w - a potion of brilliance {unknown}
 x - a potion of attraction {unknown}
 B - a potion of might
 E - 2 potions of mutation {unknown}
 F - 2 potions of curing {@q1}


   Skills:
 * Level 7.7 Fighting
 - Level 4.7(5.7) Axes
 * Level 4.9(5.8) Polearms
 - Level 3.2 Dodging
 - Level 2.7 Stealth
 * Level 4.0 Invocations
 + Level 0.1 Evocations


You had 6 spell levels left.
You didn't know any spells.
Your spell library contained the following spells:

 Spells                   Type           Power      Damage    Failure   Level
 Summon Small Mammal      Summ           0%         N/A       63%         1
 Scorch                   Fire           0%         2d5       77%         2
 Tukima's Dance           Hex            0%         N/A       94%         3
 Cause Fear               Hex            0%         N/A       100%        4
 Flame Wave               Conj/Fire      0%         2d4       100%        4
 Summon Cactus Giant      Summ           0%         N/A       100%        6
 Spellforged Servitor     Conj/Summ      0%         N/A       100%        7


Dungeon Overview and Level Annotations

Branches:
Dungeon (5/15)
 Temple: D:4-7

Altars:
Ashenzari
Cheibriados
Dithmenos
Gozag
Makhleb
Okawaru
Xom

Shops:
D:2 [   D:4 :

Annotations:
D:2 1 runed translucent door, Crazy Yiuf
D:5 Ijyb


Innate Abilities, Weirdness & Mutations

You have a pair of horns on your head.
You reflexively headbutt those who attack you in melee.


Message History

Dowan dies!
Makhleb accepts your kill.
You are engulfed in a cloud of scalding steam.
Items here: )) / [[.
E - 2 viscous cyan potions You start resting.
You start waiting.
Done waiting.
You start waiting.
Your smoke demon disappears in a puff of smoke!
Done waiting.
f - a wand of flame (29);
F - 2 potions of curing {@q1}
Items here: )) [[.
Okay, then.
Q - 27 stones (gained 5)
G - a wand of quicksilver (6)
There is an escape hatch in the floor here.
A hound comes into view.
The hound barks!
You slash the hound! The hound closely misses you.
The hound bites you but does no damage. The hound barely misses you.
You furiously retaliate!
You headbutt the hound.
You kill the hound!
Makhleb accepts your kill.
Your Invocations skill increases to level 4!
Found a metallic pink potion.
An ogre comes into view. It is wielding a +0 giant spiked club.
The ogre shouts!
You hear a shout!
You barely miss the ogre. The ogre barely misses you.
The ogre completely misses you.
You barely miss the ogre. The ogre closely misses you. You furiously retaliate!
You headbutt the ogre. You slash the ogre!
The ogre hits you with a +0 giant spiked club!
You hit the ogre.
Ijyb the Twisted Goblin comes into view.
She is wielding a +3 vampiric dagger, wearing a +0 chain mail of cold resistance and carrying a wand of mindburst (10).
The ogre hits you with a +0 giant spiked club!
You barely miss the ogre.
The ogre hits you with a +0 giant spiked club!!
* * * LOW HITPOINT WARNING * * *
You are too injured to fight recklessly!
You are too injured to fight recklessly!
You hit the ogre.
The ogre hits you with a +0 giant spiked club!!
* * * LOW HITPOINT WARNING * * *
You slice the ogre!!
You kill the ogre!
Makhleb accepts your kill.
Ijyb hits you with a +3 vampiric dagger.
You die...

########.# #.!.@g...#
#.#.##.### #.# # #..
#.##.# #.##### #.##.#
#.##... #.##.# #.##.#.
##.##.# #.##.#. ##...#.#
#.##.#.
#####......########.##.#.


You could see Ijyb.

Vanquished Creatures
  Sigmund (D:5)
  Duvessa (D:5)
  An ogre (D:5)
  2 phantoms
  2 scorpions (D:4)
  A jelly (D:5)
  An orc priest (D:3)
  2 hounds (D:5)
  An iguana (D:4)
  2 sleepcaps
  An orc wizard (D:4)
  6 adders
  A shadow imp (D:5)
  3 adder skeletons (D:2)
  2 adder zombies (D:2)
  2 worms (D:3)
  11 orcs
  A bat zombie (D:2)
  10 endoplasms
  4 giant cockroaches
  8 goblins
  4 hobgoblins
  10 jackals
  5 quokkas
  6 ball pythons
  3 bats
  10 frilled lizards
  7 kobolds
  A quokka skeleton (D:2)
  2 rats
  A spectral kobold (D:3)
112 creatures vanquished.

Vanquished Creatures (collateral kills)
  A gnoll (D:5)
1 creature vanquished.

Vanquished Creatures (others)
  2 fungi (D:2)
  9 plants (D:3)
  2 withered plants (D:2)
13 creatures vanquished.

Grand Total: 126 creatures vanquished

Notes
Turn   | Place    | Note
-------+----------+-------------------------------------------
     0 | D:1      | Pooter the Minotaur Monk began the quest for the Orb.
     0 | D:1      | Reached XP level 1. HP: 19/19 MP: 0/0
   294 | D:1      | Reached skill level 4 in Fighting
   294 | D:1      | Reached XP level 2. HP: 21/27 MP: 1/1
   821 | D:1      | Reached XP level 3. HP: 34/34 MP: 2/2
  1271 | D:2      | Found Ipinanoa's Antique Armour Boutique.
  1278 | D:2      | Bought a runed robe for 88 gold pieces
  1339 | D:2      | Reached XP level 4. HP: 41/41 MP: 3/3
  1341 | D:2      | Reached skill level 5 in Fighting
  1487 | D:2      | Found a runed translucent door.
  1488 | D:2      | Noticed Crazy Yiuf
  2251 | D:3      | Reached XP level 5. HP: 39/49 MP: 4/4
  2352 | D:3      | Found a faded altar of an unknown god.
  2360 | D:3      | Prayed at the altar of an unknown god.
  2360 | D:3      | Became a worshipper of Makhleb the Destroyer
  2360 | D:3      | Reached * piety under Makhleb
  2360 | D:3      | Reached ** piety under Makhleb
  2482 | D:3      | Got Enadiuc's Commentary on the Bewitching Flock
  3002 | D:3      | Reached *** piety under Makhleb
  3164 | D:4      | Found a snail-covered altar of Cheibriados.
  3188 | D:4      | Found Anlot's Book Shop.
  3230 | D:4      | Reached skill level 6 in Fighting
  3230 | D:4      | Reached skill level 1 in Polearms
  3230 | D:4      | Reached skill level 1 in Invocations
  3263 | D:4      | Reached XP level 6. HP: 52/57 MP: 4/6
  3613 | D:4      | Found an iron altar of Okawaru.
  3615 | D:4      | Found a shadowy altar of Dithmenos.
  3617 | D:4      | Found a broken altar of Ashenzari.
  3617 | D:4      | Found a shimmering altar of Xom.
  3618 | D:4      | Found a burning altar of Makhleb.
  3618 | D:4      | Found an opulent altar of Gozag.
  3744 | D:5      | Entered Level 5 of the Dungeon
  3764 | D:5      | Reached XP level 7. HP: 64/64 MP: 6/8
  3777 | D:5      | Reached skill level 7 in Fighting
  3864 | D:5      | Noticed Sigmund
  3884 | D:5      | Killed Sigmund
  3927 | D:5      | Noticed Duvessa
  3927 | D:5      | Noticed Dowan
  3928 | D:5      | Dowan changed into Dowan the gnoll
  3928 | D:5      | Noticed Dowan
  3933 | D:5      | Killed Duvessa
  3934 | D:5      | Killed Dowan the gnoll
  4219 | D:5      | Noticed Ijyb
  4221 | D:5      | HP: 2/67 [ogre/+0 giant spiked club (21)]
  4222 | D:5      | Slain by Ijyb

Illustrated notes

Levels and vault maps discovered:
D:1:      saegor_arrival_simple_b, layout_loops_ring
D:2:      layout_basic, serial_shops, shop, serial_undead, serial_undead_c,
          serial_undead_d, serial_undead_b, serial_undead_f,
          uniq_crazy_yiuf_cottage
D:3:      layout_basic, dreamdust_ecumenical_altar_drowned_temple,
          minmay_misc_feat_five, minmay_lizard_king
D:4:      layout_rooms, overflow_temple_1_default, grunt_temple_overflow_open,
          serial_shops, shop
D:5:      layout_loops_ring, lemuel_mausoleum_altar_kikubaaqudgha, uniq_sigmund,
          uniq_duvessa, uniq_ijyb, uniq_blork_the_orc

Skill      XL: |  1  2  3  4  5  6  7 |
---------------+----------------------+-----
Fighting       | 4 5 6 7 |  7.7
Axes           | 4 |  4.7
Stealth        | 2 |  2.7
Polearms       | 1 3 4 |  4.9
Invocations    | 1 2 4 |  4.0
Dodging        | |  3.2
Evocations     | |  0.1

Action                     |  1- 3 |  4- 6 |  7- 9 || total
---------------------------+-------+-------+-------++-------
  Melee: Hand axe          |   109 |    15 |       ||   124
         Headbutt          |    15 |    13 |     2 ||    30
         Punch             |     1 |       |       ||     1
         Whip              |       |    27 |       ||    27
         Bardiche          |       |    65 |    35 ||   100
  Throw: Stone             |     7 |     8 |       ||    15
         Dart              |       |     6 |       ||     6
 Invoke: Lesser Servant of |       |       |     2 ||     2
  Evoke: Wand              |       |       |     1 ||     1
    Use: Scroll            |     3 |     2 |       ||     5
         Potion            |       |     1 |       ||     1
   Stab: Sleeping          |     4 |       |     1 ||     5
 Armour: Robe              |     5 |       |       ||     5
         Leather armour    |    19 |    10 |       ||    29
         Ring mail         |       |    31 |    18 ||    49
  Dodge: Dodged            |    52 |    48 |    23 ||   123

Table legend: (Time is in decaauts)
 A = Elapsed time spent in this place.
 B = Non-inter-level travel time spent in this place.
 C = Inter-level travel time spent in this place.
 D = Time resting spent in this place.
 E = Time spent auto-exploring this place.
 F = Levels seen in this place.
 G = Mean time per level.
                   A        B        C        D        E       F      G
               +--------+--------+--------+--------+--------+-----+--------+
         Total |   4305 |   4178 |    127 |    469 |   2507 |   5 |  861.0 |
       Dungeon |   4305 |   4178 |    127 |    469 |   2507 |   5 |  861.0 |
               +--------+--------+--------+--------+--------+-----+--------+

Top non-repeatable levels by time:
     D:3: 1203 daAuts
     D:2: 1101 daAuts
     D:1: 862 daAuts
     D:4: 632 daAuts
     D:5: 506 daAuts
